 Dungeon Crawl Stone Soup version 0.27.1-4-g1640c2035a (webtiles) character file.

Game seed: 634675261900543612

6 Stomo444 the Cudgeller (level 1, 0/11 HPs)
             Began as a Vine Stalker Monk on Nov 9, 2021.
             Slain by a frilled lizard (2 damage)
             ... on level 1 of the Dungeon.
             The game lasted 00:00:14 (156 turns).

Stomo444 the Cudgeller (Vine Stalker Monk)           Turns: 156, Time: 00:00:14

Health: 0/11       AC:  2    Str: 13    XL:     1   Next: 90%
Magic:  0/2        EV: 12    Int: 10    God:
Gold:   9          SH:  0    Dex: 16    Spells: 0/0 levels left

rFire    . . .     SeeInvis .   a - +0 mace
rCold    . . .     Faith    .   (no shield)
rNeg     . . .     Spirit   +   b - +0 robe
rPois    .         Reflect  .   (no helmet)
rElec    .         Harm     .   (no cloak)
rCorr    .         Rampage  .   (no gloves)
Will     .....                  (no boots)
Stlth    ++........             (no amulet)
HPRegen  0.03/turn              (no ring)
MPRegen  0.08/turn              (no ring)

@: no status effects
A: fangs 2, magic shield, antimagic bite, no potion heal 2
a: no special abilities


You were on level 1 of the Dungeon.
You visited 1 branch of the dungeon, and saw 1 of its levels.

You collected 9 gold pieces.

Inventory:

Hand Weapons
 a - a +0 mace (weapon)
Armour
 b - a +0 robe (worn)


   Skills:
 * Level 2.8 Fighting
 * Level 2.8 Maces & Flails
 + Level 2.5 Dodging
 - Level 2.4 Stealth


You couldn't memorise any spells.
You didn't know any spells.
Your spell library was empty.

Dungeon Overview and Level Annotations

Branches:
Dungeon (1/15)

Altars:


Innate Abilities, Weirdness & Mutations

You have extremely sharp teeth.
When hurt, damage is shared between your health and your magic reserves.
Your bite disrupts and absorbs the magic of your enemies.
Potions cannot restore your health.


Message History

The frilled lizard hisses angrily.
A hobgoblin comes into view.
A bat comes into view.
You hit the frilled lizard but do no damage.
Your bite misses the frilled lizard. The bat closely misses you.
The frilled lizard misses you. The bat hits you but does no damage.
The frilled lizard misses you.
You hit the bat. Your bite misses the bat.
The bat is moderately wounded.
The bat closely misses you. The frilled lizard misses you.
You closely miss the hobgoblin. You bite the hobgoblin. You drain its power.
The hobgoblin is heavily wounded.
The hobgoblin closely misses you.
The frilled lizard bites you but does no damage.
You hit the hobgoblin. Your bite misses the hobgoblin.
The hobgoblin is severely wounded.
The hobgoblin hits you. The frilled lizard bites you.
The hobgoblin barely misses you.
You hit the hobgoblin.
The hobgoblin is almost dead.
The frilled lizard barely misses you. The hobgoblin closely misses you.
The frilled lizard bites you.
You hit the hobgoblin but do no damage.
The hobgoblin is almost dead.
The hobgoblin hits you. The frilled lizard bites you.
* * * LOW HITPOINT WARNING * * *
There are monsters nearby!
There are monsters nearby!
There are monsters nearby!
You closely miss the hobgoblin. You bite the hobgoblin.
You kill the hobgoblin!
The bat completely misses you. The bat hits you but does no damage.
The frilled lizard barely misses you. The bat hits you.
* * * LOW HITPOINT WARNING * * *
The bat closely misses you.
You sock the bat!
You kill the bat!
You closely miss the frilled lizard. The frilled lizard bites you.
You die...

≈#.#.## .# .#...# .#
# #..#. .#.# .##
#.... #.#.## #...
#... .....##
#..#####..## ......#
#..
..........###..)....
#..#
#........@l.......#
#..#
#...##...#####...##
#..# # #.....# ##
#..# #.##....# #..#
##.###....#
#..#####...##.#..#
#........#....#..# #
#..#####...##.#..# #
#.........(...# #


You could see a frilled lizard.

Vanquished Creatures
  A ball python (D:1)
  A bat (D:1)
  2 hobgoblins (D:1)
  A frilled lizard (D:1)
5 creatures vanquished.

Notes
Turn   | Place    | Note
-------+----------+-------------------------------------------
     0 | D:1      | Stomo444 the Vine Stalker Monk began the quest for the Orb.
     0 | D:1      | Reached XP level 1. HP: 11/11 MP: 2/2
   156 | D:1      | Slain by a frilled lizard

Illustrated notes

Levels and vault maps discovered:
D:1:      dpeg_arrival_more_subterranean_lakeside_camping, layout_loops_ring,
          shapermc_ecumenical_altar_starsandcircs

Action                   || total
-------------------------++-------
Melee: Mace              ||    13
       Bite              ||     2
 Stab: Sleeping          ||     1
Armor: Robe              ||     3
Dodge: Dodged            ||    16
